 Dungeon Crawl Stone Soup version 0.18.1-47-g9310371 (webtiles) character file.

364568 raph the Minotaur Blade (level 21, -4/194 HPs)
             Began as a Minotaur Fighter on June 19, 2016.
             Was the Champion of Yredelemnul.
             Slain by a phantasmal warrior (22 damage)
             ... on level 2 of the Depths on June 20, 2016.
             The game lasted 03:23:55 (49946 turns).

raph the Minotaur Blade (Minotaur Fighter)         Turns: 49946, Time: 03:23:56

Health: -4/194     AC: 22    Str: 29    XL:     21   Next: 56%
Magic:  9/9        EV: 22    Int:  9    God:    Yredelemnul [******]
Gold:   1194       SH: 19    Dex: 21    Spells: 3 memorised, 15 levels left

rFire  + . .     SeeInvis +     j - +1 demon blade (elec)
rCold  . . .     Gourm    .     i - +6 chain mail of the Heavens {rN++ MP-9 Int+4}
rNeg   + + +     Faith    .     Q - +2 shield of Subjectivity {Dex+2}
rPois  .         Spirit   .     E - +0 hat "Deops" {rF+ MR+ MP-9}
rElec  .         Dismiss  .     B - +4 cloak of Yjalull {rN+}
rCorr  .         Reflect  .     e - +2 pair of gloves {Dex+3}
SustAt .         Harm     .     a - +2 pair of boots {run}
MR     +....                    Y - amulet of regeneration
Stlth  ..........               H - +4 ring of slaying
                                Z - ring of Ohicoum {rN+ Str+4 SInv Stlth+}

@: vulnerable, corroded, quick, somewhat resistant to hostile enchantments,
extremely unstealthy
A: retaliatory headbutt, horns 2, magic resistance 1
a: Recall Undead Slaves, Injury Mirror, Animate Dead, Drain Life, Enslave Soul,
Renounce Religion
}: 2/15 runes: decaying, serpentine


You were on level 2 of the Depths.
You worshipped Yredelemnul.
Yredelemnul was exalted by your worship.
You were not hungry.

You visited 9 branches of the dungeon, and saw 42 of its levels.
You also visited: Labyrinth, Sewer, Ice Cave and Volcano.

You collected 4499 gold pieces.
You spent 3305 gold pieces at shops.

Inventory:

Hand Weapons
 j - a +1 demon blade of electrocution (weapon)
 O - the +1 long sword of Circular Logic {freeze, +Blink}
   (You found it on level 2 of the Lair of Beasts)

   It has been specially enchanted to freeze those struck by it, causing extra
   injury to most foes and up to half again as much damage against particularly
   susceptible opponents.
   It can also slow down cold-blooded creatures.
   It lets you blink.
 S - a +3 long sword of flaming
 W - a +7 long sword of protection
Missiles
 m - 3 poisoned tomahawks
 C - 26 tomahawks (quivered)
Armour
 a - a +2 pair of boots of running (worn)
 e - a +2 pair of gloves of dexterity (worn)
 i - the +6 chain mail of the Heavens (worn) {rN++ MP-9 Int+4}
   (You bought it in a shop on level 1 of the Elven Halls)

   It affects your intelligence (+4).
   It greatly protects you from negative energy.
   It affects your magic capacity (-9).
 B - the +4 cloak of Yjalull (worn) {rN+}
   (You found it on level 5 of the Lair of Beasts)

   It protects you from negative energy.
 E - the +0 hat "Deops" (worn) {rF+ MR+ MP-9}
   (You found it on level 12 of the Dungeon)

   It protects you from fire.
   It affects your resistance to hostile enchantments.
   It affects your magic capacity (-9).
 Q - the +2 shield of Subjectivity (worn) {Dex+2}
   (You found it on level 1 of the Vaults)

   It affects your dexterity (+2).
Rods
 d - a +9 lightning rod (12/12)
   (You took it off a minotaur in a labyrinth)
Jewellery
 c - the ring "Dutest" {SustAt +Inv rN+}
   (You found it in an ice cave)

   [ring of sustain attributes]

   It sustains your strength, intelligence and dexterity.
   It protects you from negative energy.
   It lets you turn invisible.
 n - a +3 ring of protection
 s - an uncursed ring of protection from fire
 y - an uncursed ring of flight
 H - a +4 ring of slaying (right hand)
 N - an uncursed ring of protection from magic
 Y - an amulet of regeneration (around neck)
 Z - the ring of Ohicoum (left hand) {rN+ Str+4 SInv Stlth+}
   (You bought it in a shop on level 2 of the Orcish Mines)

   [ring of stealth]

   It affects your strength (+4).
   It protects you from negative energy.
   It lets you see invisible.
   It makes you more stealthy.
Wands
 b - a wand of iceblast (5/15)
 r - a wand of flame (23/48)
 x - a wand of iceblast (7/15)
 D - a wand of digging (13/24)
 G - a wand of lightning (3/15)
 I - a wand of enslavement (12/24)
 P - a wand of teleportation (7/9)
 T - a wand of acid (6/15)
Scrolls
 h - 4 scrolls of remove curse
 l - a scroll of fog
 o - a scroll of enchant armour
 v - 3 scrolls of recharging
 J - 10 scrolls of fear
 M - a scroll of amnesia
 R - 22 scrolls of identify
 V - 7 scrolls of teleportation
 X - a scroll of magic mapping
Potions
 g - 7 potions of flight
 k - 7 potions of berserk rage
 p - a potion of cancellation
 q - a potion of agility
 t - 14 potions of curing
 w - 2 potions of might
 A - 3 potions of resistance
 K - 3 potions of brilliance
 L - 5 potions of cure mutation
Comestibles
 f - 23 bread rations
 u - 4 chunks of flesh
 z - 4 fruits
 F - 3 meat rations
 U - a beef jerky


   Skills:
 + Level 18.0 Fighting
 * Level 23.5 Long Blades
 + Level 19.4 Armour
 + Level 15.0 Dodging
 - Level 18.6 Shields
 - Level 10.0 Invocations
 - Level 6.8 Evocations


You had 15 spell levels left.
You knew the following spells:

 Your Spells              Type           Power        Failure   Level  Hunger
a - Apportation           Tloc           #.........   92%         1    ##.....
b - Blink                 Tloc           N/A          98%         2    ###....
c - Shroud of Golubria    Chrm/Tloc      #.........   98%         2    ###....


Dungeon Overview and Level Annotations

Branches:
Dungeon (15/15)            Temple (1/1) D:4            Lair (8/8) D:9
  Swamp (4/4) Lair:6        Snake (4/4) Lair:6        Slime (0/6) Lair:7
    Orc (2/2) D:11            Elf (2/3) Orc:2        Vaults (4/5) D:13
  Crypt (0/3) Vaults:2     Depths (2/5) D:15

Altars:
Ashenzari
Cheibriados
Dithmenos
Elyvilon
Fedhas
Gozag
Kikubaaqudgha
Makhleb
Nemelex Xobeh
Okawaru
Pakellas
Qazlal
Ru
Sif Muna
Trog
Vehumet
Xom
Yredelemnul
Zin
The Shining One
Beogh
Jiyva

Shops:
D:5 *   D:12 ?   D:15 =   Orc:2 !:=%=   Elf:1 [   Elf:2 :   Snake:3 ?
Vaults:3 (   Vaults:4 (

Portals:
Hell: Depths:1
Pandemonium: Depths:1 Depths:2
Trove: Depths:2 (give 13 scrolls of teleportation)

Annotations:
Lair:7 1 runed door


Innate Abilities, Weirdness & Mutations

You reflexively headbutt those who attack you in melee.
You have a pair of horns on your head.
You are resistant to hostile enchantments.


Message History

You hit the vampire knight but do no damage.
You headbutt the vampire knight, but do no damage.
The vampire knight is severely damaged.
You feel sick.
The vampire knight hits you but does no damage.
You block the vampire knight's attack.
The redback bites you but does no damage.
You barely miss the vampire knight. You headbutt the vampire knight!
The vampire knight is almost destroyed.
You feel sick. The phantasmal warrior hits you!!
* * * LOW HITPOINT WARNING * * *
Your magical defenses are stripped away!
Unknown command.
Drink which item? (? for menu, Esc to quit)
You feel better. You block the redback's attack.
The vampire knight hits you with a battleaxe.
* * * LOW HITPOINT WARNING * * *
You block the vampire knight's attack. The phantasmal warrior hits you!!
You die...
Your body rises from the dead as a mindless zombie.

#......# . #....#.# ..
######....#.##...
#...............
#####...(...##.
###..###......#
#......##...W#####
##..####..#.#V#...#...
#..## ##...#@ss......
##.##. ##..#W#.#.....
#..#.. .'...#p.... ...
#..# .##.###...#.#...
. ##.##...
#........... . #..##'#
#........... ..
##..#.# #..##.......
..
##...####...#####.#..
#. ###....#....... #


You could see a vampire knight (invisible), an entropy weaver, 2 phantasmal
warriors, a tarantella and a redback.

Vanquished Creatures
  Asterion (Elf:2)
  A lich (Depths:1)
  Rupert (Lair:4)
  2 sphinxes
  Gastronok (Lair:1)
  Agnes (D:14)
  A storm dragon (Vaults:4)
  A greater naga (Snake:4)
  2 frost giants (Vaults:4)
  8 vault wardens
  Louise (Swamp:3)
  A cacodemon (Depths:2)
  6 ironheart preservers
  5 very ugly things (Vaults:4)
  5 stone giants
  A salamander stormcaller (Vaults:3)
  Azrael (Elf:1)
  3 deep elf annihilators
  2 blizzard demons (IceCv)
  Snorg (Lair:4)
  A minotaur (Lab)
  A green death (Swamp:4)
  A deep elf death mage (Elf:1)
  7 vault guards
  4 ettins
  A death ooze (Swamp:4)
  7 yaktaur captains
  3 jiangshi (Depths:2)
  2 fire dragons
  Josephine (D:15)
  4 great orbs of eyes
  Harold (Lair:3)
  10 naga warriors
  A rakshasa (Depths:1)
  14 hydras
  2 ice dragons
  2 hell beasts (Swamp:4)
  An entropy weaver (Depths:1)
  9 ogre magi
  4 anacondas
  The ghost of barakagiga the Covert, a journeyman HaEn of Okawaru (Lab)
  2 ghost crabs (Swamp:3)
  25 dancing weapons
  A death knight (Vaults:4)
  6 alligators
  7 centaur warriors
  3 tengu warriors
  3 vampire magi
  A deep troll earth mage (Depths:1)
  5 naga sharpshooters
  A shock serpent (Snake:3)
  12 deep elf knights
  5 skeletal warriors
  A shadow wraith (Vaults:4)
  An unseen horror (Vaults:1)
  A giant orange brain (Depths:1)
  5 naga ritualists
  2 deep trolls
  A shambling mangrove (Swamp:1)
  An unseen horror (shapeshifter) (Vaults:3)
  An orange crystal statue (Depths:1)
  2 flayed ghosts
  14 orc knights
  10 hill giants
  3 swamp dragons
  9 ironbrand convokers
  A shadow demon (Depths:1)
  A wizard (Elf:1)
  11 deep elf archers
  4 harpies (Vaults:1)
  An orb spider (shapeshifter) (Vaults:4)
  3 wolf spiders
  A sphinx skeleton (Vaults:2)
  6 mana vipers
  2 orc sorcerers
  3 necromancers
  4 griffons
  11 slime creatures
  21 ugly things
  37 deep elf magi
  3 hornets
  5 cyclopes
  A faun (shapeshifter) (D:10)
  8 salamanders
  A frost giant skeleton (Vaults:2)
  A rust devil (Depths:1)
  2 centaur zombies
  6 elephants
  10 spiny frogs
  An ice statue (IceCv)
  30 black mambas
  2 molten gargoyles (Volcano)
  An octopode (shapeshifter) (Vaults:2)
  6 guardian serpents
  A spiny frog (shapeshifter) (Vaults:3)
  2 orange demons
  2 centaur skeletons
  A smoke demon (Depths:1)
  2 gargoyles (D:14)
  11 vault sentinels
  Psyche (D:9)
  11 naga magi
  2 rime drakes
  A salamander skeleton (Vaults:2)
  16 komodo dragons
  A yaktaur (shapeshifter) (Vaults:1)
  4 anaconda simulacra (IceCv)
  A freezing wraith (IceCv)
  A kobold demonologist (Vaults:2)
  14 yaktaurs
  2 hellwings (Depths:1)
  4 ice devils (IceCv)
  3 spriggan druids
  3 tengu conjurers
  A troll (shapeshifter) (Vaults:4)
  2 jumping spiders
  A polar bear (shapeshifter) (D:14)
  A merfolk (D:10)
  6 trolls
  A two-headed ogre (shapeshifter) (Depths:2)
  4 giant leeches
  5 bog bodies
  4 boulder beetles
  16 two-headed ogres
  4 polar bears
  A snapping turtle (shapeshifter) (Depths:1)
  11 blink frogs
  Grinder (D:3)
  A hornet zombie (Vaults:1)
  A stone giant simulacrum (Vaults:2)
  11 spriggans
  3 air elementals
  5 shadows
  14 redbacks
  A shapeshifter (Vaults:2)
  5 fire elementals
  4 wyverns
  3 dire elephant simulacra (IceCv)
  5 water elementals
  18 yaks
  2 tarantellas
  2 vampires
  4 wraiths
  3 basilisks
  A hippogriff (shapeshifter) (Vaults:2)
  7 hippogriffs
  2 death yak simulacra (IceCv)
  A chaos spawn (Depths:2)
  2 steam dragons
  11 vampire mosquitoes
  Grum (D:8)
  2 hungry ghosts
  3 wargs
  3 iron troll simulacra (IceCv)
  26 nagas
  A soldier ant (D:11)
  11 swamp worms
  9 water moccasins
  4 hydra simulacra (IceCv)
  A water moccasin (shapeshifter) (Vaults:4)
  6 porcupines
  3 hell hounds (Elf:2)
  25 orc warriors
  2 eyes of draining (D:14)
  4 swamp drakes
  An alligator simulacrum (IceCv)
  6 phantoms
  3 sky beasts
  5 black bears
  7 wasps
  A necrophage (D:10)
  An ettin simulacrum (IceCv)
  4 ice beasts
  37 ogres
  2 human zombies (Vaults:2)
  4 boggarts
  11 centaurs
  22 wolves
  11 crocodiles
  A human skeleton (Vaults:2)
  9 big kobolds
  22 giant frogs
  A gnoll sergeant (D:9)
  2 earth elementals
  4 wyvern skeletons
  5 scorpions
  17 killer bees
  10 wights
  A swamp dragon simulacrum (IceCv)
  A wolf zombie (Lair:8)
  3 electric eels
  11 howler monkeys
  8 crimson imps
  A lava snake (Volcano)
  4 quasits
  5 jellies
  4 draconian simulacra (IceCv)
  10 hounds
  4 giant frog skeletons
  16 orc priests
  28 orc wizards
  Jessica (D:3)
  A gnoll shaman (D:6)
  Terence (D:3)
  10 iguanas
  7 worker ants
  A polar bear simulacrum (IceCv)
  A spriggan simulacrum (IceCv)
  7 troll simulacra (IceCv)
  2 wolf simulacra (IceCv)
  18 sheep
  2 centaur simulacra
  A hound zombie (D:6)
  A worker ant zombie (D:6)
  Robin (D:3)
  10 gnolls
  A howler monkey skeleton (D:6)
  2 naga simulacra (IceCv)
  64 river rats
  17 adders
  An ogre simulacrum (IceCv)
  3 shadow imps
  18 white imps
  A worker ant simulacrum (D:9)
  5 ufetubi
  An ooze (D:2)
  An adder skeleton (D:9)
  4 worms
  4 dart slugs
  3 giant geckos
  55 orcs
  8 ball pythons
  8 giant cockroaches
  16 goblins
  10 hobgoblins
  9 jackals
  28 kobolds
  9 quokkas
  5 river rat zombies (Lair:8)
  A ball python skeleton (D:4)
  9 bats
  2 giant gecko skeletons (D:5)
  4 giant newts
  A jackal skeleton (D:4)
  A quokka simulacrum (D:9)
  A quokka skeleton (D:6)
  16 rats
  11 briar patches (Swamp:4)
  6 plants
1446 creatures vanquished.

Vanquished Creatures (collateral kills)
  Nikola (Swamp:4)
  A lich (Vaults:4)
  2 thorn hunters (Swamp:4)
  A tengu reaver (Vaults:2)
  Kirke (Swamp:4)
  5 greater nagas (Snake:4)
  Donald (Snake:4)
  Maud (Lair:3)
  3 ironheart preservers
  A very ugly thing (Swamp:4)
  4 stone giants
  A vampire knight (Depths:1)
  A deep elf annihilator (Vaults:4)
  A green death (Swamp:4)
  A fire dragon (Depths:1)
  2 ettins
  7 slime creatures
  An ice dragon (D:15)
  13 naga warriors
  2 great orbs of eyes
  A centaur warrior (Depths:2)
  4 ogre magi
  13 hydras
  4 alligators
  5 anacondas
  A deep troll shaman (Depths:1)
  3 dancing weapons
  A deep troll earth mage (Vaults:4)
  A thrashing horror (Swamp:4)
  A soul eater (Depths:2)
  Nergalle (Lair:4)
  10 naga sharpshooters
  5 spriggans
  2 salamander mystics
  4 skeletal warriors
  5 swamp dragons
  2 giant orange brains
  A spriggan druid (Swamp:3)
  2 deep trolls (Vaults:4)
  A shambling mangrove (Swamp:3)
  A phantasmal warrior (Vaults:4)
  2 hill giants (D:10)
  4 ironbrand convokers
  2 large abominations (Swamp:4)
  2 deep elf archers
  6 naga ritualists (Snake:4)
  4 mana vipers
  A wolf spider (Vaults:2)
  An orb spider (shapeshifter) (Vaults:1)
  14 ugly things
  3 griffons
  A harpy (shapeshifter) (Vaults:4)
  3 orc knights
  12 deep elf magi
  3 harpies (Vaults:4)
  An orc sorcerer (Vaults:3)
  A cyclops (D:14)
  5 salamanders
  A guardian serpent (Snake:1)
  A centaur zombie (D:14)
  20 black mambas
  15 naga magi (Snake:4)
  An elephant (Lair:7)
  A vault sentinel (Vaults:1)
  A rust devil (Depths:1)
  4 spiny frogs
  3 centaur skeletons
  2 kobold demonologists
  A komodo dragon (shapeshifter) (Vaults:4)
  A yaktaur zombie (Vaults:1)
  2 komodo dragons
  6 yaktaurs
  A red devil (Depths:2)
  A jumping spider (Vaults:1)
  A troll (D:14)
  4 polar bears (Lair:8)
  17 two-headed ogres
  A giant leech (Swamp:2)
  5 blink frogs
  3 bog bodies
  A boulder beetle (Vaults:1)
  A water elemental (Elf:1)
  A tarantella (Vaults:4)
  11 redbacks
  3 wraiths
  2 shadows (Swamp:4)
  A hungry ghost (D:14)
  13 yaks
  3 basilisks
  A golden eye (shapeshifter) (Vaults:2)
  A chaos spawn (Depths:2)
  A fire elemental (Elf:1)
  3 hogs (Swamp:4)
  7 vampire mosquitoes
  A warg (Orc:2)
  5 swamp worms
  3 hippogriffs
  26 nagas
  7 water moccasins
  5 porcupines
  A giant eyeball (Depths:2)
  A deep troll skeleton (Vaults:1)
  5 black bears
  An ice beast (D:15)
  6 orc warriors
  4 swamp drakes
  A boggart (Elf:1)
  A necrophage (D:11)
  18 ogres
  6 wasps
  An orc zombie (Vaults:2)
  15 wolves
  5 centaurs
  5 crocodiles
  A big kobold (D:13)
  A gnoll sergeant (D:9)
  An earth elemental (Elf:2)
  A giant frog (Lair:5)
  A human skeleton (Vaults:1)
  3 killer bees
  2 oklob saplings (D:10)
  2 wights
  An electric eel (Lair:6)
  2 howler monkeys
  A crimson imp (D:10)
  A two-headed ogre zombie (Depths:1)
  2 orc priests
  A hound (D:11)
  4 orc wizards
  2 iguanas
  2 worker ants
  6 sheep
  2 gnolls (D:9)
  An adder (D:11)
  11 river rats
  A shadow imp (D:11)
  8 white imps
  An ufetubus (Depths:1)
  34 orcs
  2 jackals
  3 kobolds
  A ball python (D:10)
  A briar patch (Swamp:4)
  2 butterflies (Lair:8)
  35 fungi
  6 plants
583 creatures vanquished.

Vanquished Creatures (others)
  A profane servitor (Snake:4)
  The ghost of Typee the Devastator, an adept OpCj of Vehumet (Elf:2)
  3 ghouls
  3 vampire knights
  A very ugly thing zombie (Vaults:4)
  An ogre mage (D:10)
  A dancing weapon (Elf:2)
  2 skeletal warriors (Orc:2)
  2 anaconda zombies (Snake:2)
  7 phantasmal warriors
  2 flayed ghosts
  A wolf spider zombie (Vaults:4)
  3 ugly thing zombies
  2 spectral nagas
  2 ghoul skeletons (Snake:4)
  2 redback zombies
  A spectral deep troll (Depths:1)
  A freezing wraith (Vaults:2)
  2 harpy zombies (Vaults:1)
  3 hydra zombies
  A spectral orc (D:15)
  A hornet zombie (Vaults:2)
  A deep troll zombie (Depths:1)
  2 guardian serpent zombies
  A jumping spider zombie (Vaults:1)
  6 flying skulls
  14 black mamba zombies
  2 alligator zombies (Swamp:4)
  2 wraiths
  4 vampires
  A yak (D:9)
  19 elf zombies
  4 spiny frog zombies
  3 human skeletons
  An orc warrior (Vaults:1)
  A spectral two-headed ogre (Orc:2)
  2 swamp dragon zombies (Swamp:4)
  3 blink frog zombies
  A cyclops zombie (Vaults:2)
  A hog zombie (Swamp:4)
  An elf skeleton (Elf:2)
  6 vampire mosquito zombies
  3 human zombies
  A yaktaur zombie (Vaults:4)
  5 komodo dragon zombies
  2 hell hound zombies (Elf:2)
  A komodo dragon skeleton (Lair:6)
  2 water moccasin zombies
  2 warg zombies
  A hippogriff zombie (D:12)
  2 yak zombies (Lair:8)
  2 polar bear zombies (Lair:8)
  A polar bear skeleton (Lair:8)
  2 wights (D:10)
  A yak skeleton (D:13)
  8 wolf zombies
  3 giant frog zombies
  7 centaur zombies
  4 two-headed ogre zombies
  A black bear zombie (Lair:8)
  3 bog body skeletons (Swamp:4)
  A giant frog skeleton (Lair:3)
  A porcupine zombie (Lair:5)
  4 killer bee zombies
  A crocodile zombie (Lair:8)
  30 naga zombies
  7 ogre zombies
  A big kobold skeleton (D:9)
  A mummy (Lair:5)
  2 howler monkey zombies (D:9)
  A worker ant zombie (D:7)
  A swamp drake zombie (Swamp:1)
  A white imp (IceCv)
  3 ufetubi (IceCv)
  An iguana zombie (Lair:2)
  An adder zombie (D:10)
  25 orc zombies
  3 sheep zombies
  An orc (Vaults:1)
  A ball python zombie (D:10)
  A gnoll zombie (D:9)
  A jackal skeleton (D:9)
  2 kobolds (D:9)
  5 kobold zombies
  2 orc skeletons
  11 river rat zombies
  A briar patch (Swamp:4)
  A bush (D:10)
  2 fulminant prisms (Elf:2)
  7 fungi
  4 plants
292 creatures vanquished.

Grand Total: 2321 creatures vanquished

Notes
Turn   | Place    | Note
--------------------------------------------------------------
     0 | D:1      | raph the Minotaur Fighter began the quest for the Orb.
     0 | D:1      | Reached XP level 1. HP: 19/19 MP: 0/0
   331 | D:1      | Reached skill level 3 in Long Blades
   584 | D:1      | Reached XP level 2. HP: 25/26 MP: 1/1
   696 | D:1      | Reached skill level 4 in Long Blades
  1095 | D:2      | Reached XP level 3. HP: 22/31 MP: 2/2
  1432 | D:2      | Reached skill level 5 in Long Blades
  1646 | D:2      | Reached XP level 4. HP: 39/39 MP: 3/3
  1894 | D:2      | Found a blossoming altar of Fedhas.
  2115 | D:3      | Noticed Robin
  2117 | D:3      | Noticed Grinder
  2125 | D:3      | Noticed Terence
  2137 | D:3      | Killed Robin
  2152 | D:3      | Killed Terence
  2152 | D:3      | Reached XP level 5. HP: 40/46 MP: 4/4
  2152 | D:3      | Paralysed by Grinder for 5 turns
  2164 | D:3      | Killed Grinder
  2164 | D:3      | Reached skill level 6 in Long Blades
  2164 | D:3      | Reached XP level 6. HP: 29/53 MP: 5/5
  2256 | D:3      | Found a shattered altar of Ashenzari.
  2394 | D:3      | Noticed Jessica
  2401 | D:3      | Killed Jessica
  2563 | D:3      | Found a glowing drain.
  2572 | Sewer    | Entered a sewer
  2650 | Sewer    | Reached skill level 7 in Long Blades
  2650 | Sewer    | Reached skill level 5 in Armour
  2707 | Sewer    | Found a glowing silver altar of Zin.
  3372 | D:4      | Got a faintly humming ring mail
  3383 | D:4      | Identified the +0 ring mail "Ythrenis" {Int+4} (You found it on level 4 of the Dungeon)
  3516 | D:4      | Reached skill level 5 in Fighting
  3516 | D:4      | Reached skill level 5 in Shields
  3516 | D:4      | Reached XP level 7. HP: 22/61 MP: 6/6
  3721 | D:4      | Found a stormy altar of Qazlal.
  3771 | D:4      | Found a staircase to the Ecumenical Temple.
  3782 | Temple   | Entered the Ecumenical Temple
  3936 | Temple   | Became a worshipper of Yredelemnul the Dark
  4152 | D:4      | Found a bloodstained altar of Trog.
  4322 | D:4      | Reached skill level 1 in Invocations
  4342 | D:4      | Found a shadowy altar of Dithmenos.
  4391 | D:5      | Entered Level 5 of the Dungeon
  4477 | D:5      | Reached skill level 8 in Long Blades
  4485 | D:5      | Reached XP level 8. HP: 69/69 MP: 8/8
  4829 | D:5      | Found Gozag's Platinum Reserve.
  4974 | D:5      | Found a sacrificial altar of Ru.
  5067 | D:5      | Found an opulent altar of Gozag.
  5190 | D:6      | Reached * piety under Yredelemnul
  5196 | D:6      | Reached skill level 9 in Long Blades
  5356 | D:6      | Reached XP level 9. HP: 44/78 MP: 10/10
  5712 | D:6      | Found a deep blue altar of Sif Muna.
  5875 | D:6      | Identified Sif Muna's Grimoire of the Mountains
  6294 | D:7      | Reached skill level 1 in Dodging
  6467 | D:7      | Reached skill level 10 in Long Blades
  6611 | D:7      | Reached ** piety under Yredelemnul
  6632 | D:7      | Got a pair of twisted boots
  6639 | D:7      | Identified the +2 pair of boots of Miaret {Dex+2} (You found it on level 7 of the Dungeon)
  7168 | D:8      | Found a white marble altar of Elyvilon.
  7168 | D:8      | Found a glowing silver altar of Zin.
  7168 | D:8      | Found a glowing golden altar of the Shining One.
  7176 | D:8      | Noticed Grum
  7200 | D:8      | Killed Grum
  7960 | D:9      | Found a shadowy altar of Dithmenos.
  8008 | D:9      | Reached XP level 10. HP: 84/88 MP: 12/12
  8050 | D:9      | Noticed Psyche
  8073 | D:9      | Killed Psyche
  8073 | D:9      | Reached skill level 11 in Long Blades
  8754 | D:9      | Found a staircase to the Lair.
  9012 | D:9      | Found an oddly glowing altar of Pakellas.
  9060 | D:9      | Found a sparkling altar of Nemelex Xobeh.
  9150 | D:9      | Reached skill level 5 in Invocations
  9160 | D:9      | Reached *** piety under Yredelemnul
  9434 | D:9      | Found a deep blue altar of Sif Muna.
  9613 | D:9      | Noticed a hill giant
  9619 | D:9      | Killed a hill giant
  9645 | Lair:1   | Entered Level 1 of the Lair of Beasts
  9715 | Lair:1   | Noticed Gastronok
  9735 | Lair:1   | Killed Gastronok
  9735 | Lair:1   | Reached skill level 12 in Long Blades
  9735 | Lair:1   | Reached XP level 11. HP: 23/95 MP: 12/14
 11543 | Lair:2   | Received a gift from Yredelemnul
 11672 | Lair:2   | Reached skill level 13 in Long Blades
 11904 | Lair:2   | Got a crude long sword
 11905 | Lair:2   | Identified the cursed +1 long sword of Circular Logic {freeze, +Blink} (You found it on level 2 of the Lair of Beasts)
 11954 | Lair:2   | Noticed an eight-headed hydra
 11975 | Lair:2   | Killed an eight-headed hydra
 11975 | Lair:2   | Reached skill level 5 in Dodging
 11988 | Lair:2   | Reached skill level 1 in Evocations
 12213 | Lair:3   | Noticed Harold
 12242 | Lair:3   | Killed Harold
 12539 | Lair:3   | Reached **** piety under Yredelemnul
 12559 | Lair:3   | Found a labyrinth entrance.
 12567 | Lab      | Entered a labyrinth
 12576 | Lab      | Noticed barakagiga's ghost (journeyman HaEn)
 12607 | Lab      | Killed barakagiga's ghost
 13018 | Lab      | Noticed a minotaur
 13035 | Lab      | Killed a minotaur
 13035 | Lab      | Reached skill level 10 in Shields
 13035 | Lab      | Reached XP level 12. HP: 41/106 MP: 14/16
 13367 | Lair:3   | Noticed Maud
 13388 | Lair:3   | Killed Maud
 13388 | Lair:3   | Reached skill level 10 in Armour
 13626 | Lair:3   | Reached skill level 10 in Fighting
 14255 | Lair:4   | Noticed Nergalle
 14298 | Lair:4   | Killed Nergalle
 14545 | Lair:4   | Noticed a six-headed hydra
 14758 | Lair:4   | Your ally Nergalle died
 14786 | Lair:4   | Noticed Snorg
 14787 | Lair:4   | Noticed a four-headed hydra
 14805 | Lair:4   | Killed a four-headed hydra
 14805 | Lair:4   | Reached skill level 14 in Long Blades
 14824 | Lair:4   | Killed Snorg
 15094 | Lair:4   | Received a gift from Yredelemnul
 15130 | Lair:4   | Noticed Rupert
 15142 | Lair:4   | Killed Rupert
 15270 | Lair:4   | Killed a six-headed hydra
 15630 | Lair:5   | Received a gift from Yredelemnul
 15676 | Lair:5   | Reached XP level 13. HP: 114/114 MP: 17/17
 16228 | Lair:5   | Got a distressingly furry cloak
 16239 | Lair:5   | Identified the +4 cloak of Yjalull {rN+} (You found it on level 5 of the Lair of Beasts)
 16835 | Lair:6   | Found a staircase to the Snake Pit.
 16963 | Lair:6   | Found a dark tunnel.
 16972 | Volcano  | Entered a volcano
 17173 | Volcano  | Found a radiant altar of Vehumet.
 17226 | Volcano  | Reached skill level 15 in Long Blades
 17317 | Volcano  | Identified the Incunabulum of Transmutation
 17774 | Lair:6   | Found a staircase to the Swamp.
 18417 | Lair:7   | Found a runed door.
 18417 | Lair:7   | Found a viscous altar of Jiyva.
 18417 | Lair:7   | Found a staircase to the Slime Pits.
 18417 | Lair:7   | Noticed an acid blob
 18467 | Lair:7   | Reached ***** piety under Yredelemnul
 19562 | D:10     | Entered Level 10 of the Dungeon
 19584 | D:10     | Received a gift from Yredelemnul
 19801 | D:10     | Received a gift from Yredelemnul
 20273 | D:10     | Found a blossoming altar of Fedhas.
 20337 | D:10     | Received a gift from Yredelemnul
 20667 | D:11     | Reached skill level 5 in Evocations
 20691 | D:11     | Found a staircase to the Orcish Mines.
 21062 | D:11     | Received a gift from Yredelemnul
 21130 | D:11     | Reached XP level 14. HP: 125/125 MP: 19/19
 21366 | D:11     | Found a roughly hewn altar of Beogh.
 21408 | D:11     | Reached ****** piety under Yredelemnul
 21620 | Orc:1    | Entered Level 1 of the Orcish Mines
 21781 | Orc:1    | Found a roughly hewn altar of Beogh.
 21785 | Orc:1    | Received a gift from Yredelemnul
 21838 | Orc:1    | Received a gift from Yredelemnul
 22074 | Orc:2    | Entered Level 2 of the Orcish Mines
 22094 | Orc:2    | Received a gift from Yredelemnul
 22221 | Orc:2    | Found a shimmering altar of Xom.
 22264 | Orc:2    | Found Qauciov's Food Shoppe.
 22267 | Orc:2    | Found Meiddumpuf's Jewellery Shop.
 22267 | Orc:2    | Found Rikuiclo's Distillery.
 22267 | Orc:2    | Found Odiumum's Book Shop.
 22275 | Orc:2    | Reached skill level 16 in Long Blades
 22306 | Orc:2    | Received a gift from Yredelemnul
 22327 | Orc:2    | HP: 3/125 [something/orb of energy (31)]
 22855 | Orc:2    | Found Afaerchar's Jewellery Emporium.
 23049 | Orc:2    | Bought a manual of Armour for 1324 gold pieces
 23050 | Orc:2    | Bought a potion of heal wounds for 65 gold pieces
 23227 | Orc:2    | Found a staircase to the Elven Halls.
 23325 | Orc:1    | Received a gift from Yredelemnul
 23489 | Orc:2    | Bought a potion of beneficial mutation for 455 gold pieces
 23491 | Orc:2    | Gained mutation: You are resistant to hostile enchantments. [potion of beneficial mutation]
 24234 | D:12     | Found Korghos's Magic Scroll Boutique.
 24389 | D:12     | Got an encrusted hat
 24400 | D:12     | Identified the +0 hat "Deops" {rF+ MR+ MP-9} (You found it on level 12 of the Dungeon)
 24623 | D:13     | Found a gate to the Vaults.
 24759 | D:13     | Received a gift from Yredelemnul
 25287 | D:14     | Noticed Agnes
 25305 | D:14     | Killed Agnes
 25904 | D:14     | Reached XP level 15. HP: 126/134 MP: 12/21
 25911 | D:14     | Received a gift from Yredelemnul
 26629 | Lair:8   | Entered Level 8 of the Lair of Beasts
 26795 | Lair:8   | Received a gift from Yredelemnul
 26903 | Lair:8   | Reached skill level 17 in Long Blades
 27072 | Lair:8   | Received a gift from Yredelemnul
 27132 | Lair:8   | Received a gift from Yredelemnul
 27711 | Lair:8   | Received a gift from Yredelemnul
 28377 | D:15     | Entered Level 15 of the Dungeon
 28514 | D:15     | Noticed Josephine
 28526 | D:15     | Killed Josephine
 28895 | D:15     | Found Ostropp's Jewellery Shop.
 29095 | D:15     | Found a staircase to the Depths.
 29455 | Swamp:1  | Entered Level 1 of the Swamp
 29698 | Swamp:1  | Reached skill level 10 in Dodging
 29782 | Swamp:1  | Received a gift from Yredelemnul
 30823 | Swamp:3  | Noticed Louise
 30825 | Swamp:3  | Reached XP level 16. HP: 136/144 MP: 13/22
 30848 | Swamp:3  | Killed Louise
 30848 | Swamp:3  | Reached skill level 18 in Long Blades
 31309 | Swamp:3  | Received a gift from Yredelemnul
 31438 | Swamp:4  | Entered Level 4 of the Swamp
 31602 | Swamp:4  | Noticed a thorn hunter
 31615 | Swamp:4  | Killed a thorn hunter
 31694 | Swamp:4  | Noticed Kirke
 31697 | Swamp:4  | Noticed Nikola
 31704 | Swamp:4  | Killed Kirke
 31723 | Swamp:4  | Killed Nikola
 31931 | Swamp:4  | Noticed a thorn hunter
 31941 | Swamp:4  | Killed a thorn hunter
 31992 | Swamp:4  | Reached skill level 15 in Shields
 32278 | Swamp:4  | Received a gift from Yredelemnul
 32317 | Swamp:4  | Got a decaying rune of Zot
 32533 | Snake:1  | Entered Level 1 of the Snake Pit
 32908 | Snake:1  | Reached skill level 15 in Armour
 33430 | Snake:1  | Received a gift from Yredelemnul
 33788 | Snake:2  | Found a frozen archway.
 33825 | IceCv    | Entered an ice cave
 33864 | IceCv    | Reached XP level 17. HP: 124/152 MP: 14/23
 34071 | IceCv    | Reached skill level 19 in Long Blades
 34679 | IceCv    | Got a transparent iron ring
 34725 | IceCv    | Identified a +1 pair of boots of running (You found it in an ice cave)
 34726 | IceCv    | Identified the ring "Dutest" {SustAt +Inv rN+} (You found it in an ice cave)
 35082 | Snake:2  | Received a gift from Yredelemnul
 35442 | Snake:2  | Reached skill level 10 in Invocations
 35442 | Snake:2  | Reached XP level 18. HP: 161/161 MP: 15/24
 35819 | Snake:3  | Found Rown's Magic Scroll Emporium.
 35940 | Snake:3  | Received a gift from Yredelemnul
 36388 | Snake:4  | Entered Level 4 of the Snake Pit
 36502 | Snake:4  | Received a gift from Yredelemnul
 36612 | Snake:4  | Received a gift from Yredelemnul
 36781 | Snake:4  | Noticed Donald
 36794 | Snake:4  | Killed Donald
 36951 | Snake:4  | Reached skill level 20 in Long Blades
 36966 | Snake:4  | Reached skill level 15 in Fighting
 37071 | Snake:4  | Got a serpentine rune of Zot
 37240 | Snake:4  | Received a gift from Yredelemnul
 37721 | Elf:1    | Entered Level 1 of the Elven Halls
 37743 | Elf:1    | Found a radiant altar of Vehumet.
 37910 | Elf:1    | Reached XP level 19. HP: 164/170 MP: 16/25
 37919 | Elf:1    | Received a gift from Yredelemnul
 38182 | Elf:1    | Found Qumilyim's Armour Shoppe.
 38294 | Elf:1    | Bought the +6 chain mail of the Heavens {rN++ MP-9 Int+4} for 966 gold pieces
 39012 | Elf:2    | Noticed Azrael
 39193 | Elf:2    | Received a gift from Yredelemnul
 39201 | Elf:1    | Killed Azrael
 39847 | Elf:2    | Noticed Typee's ghost (adept OpCj)
 39865 | Elf:2    | Killed Typee's ghost
 40150 | Elf:2    | Found Puagrebi's Book Boutique.
 40187 | Elf:2    | Received a gift from Yredelemnul
 40402 | Elf:2    | Found a runed gate.
 40402 | Elf:2    | Found a runed gate.
 40402 | Elf:2    | Found a runed gate.
 40992 | Elf:2    | Noticed Asterion
 41023 | Elf:2    | Killed Asterion
 41068 | Elf:2    | Received a gift from Yredelemnul
 41819 | Orc:2    | Bought the ring of Ohicoum {rN+ Str+4 SInv Stlth+} for 495 gold pieces
 41968 | Vaults:1 | Entered Level 1 of the Vaults
 42104 | Vaults:1 | Got a translucent shield
 42115 | Vaults:1 | Identified the +2 shield of Subjectivity {Dex+2} (You found it on level 1 of the Vaults)
 42145 | Vaults:1 | Reached skill level 21 in Long Blades
 42815 | Vaults:1 | Learned a level 1 spell: Apportation
 42836 | Vaults:1 | Received a gift from Yredelemnul
 43558 | Vaults:2 | Received a gift from Yredelemnul
 43604 | Vaults:2 | Reached XP level 20. HP: 181/181 MP: 8/26
 43847 | Vaults:2 | Received a gift from Yredelemnul
 44321 | Vaults:2 | Received a gift from Yredelemnul
 44903 | Vaults:2 | Found a staircase to the Crypt.
 44903 | Vaults:2 | Found a basalt altar of Yredelemnul.
 44904 | Vaults:2 | Found an ancient bone altar of Kikubaaqudgha.
 45043 | Vaults:3 | Found a glowing golden altar of the Shining One.
 45075 | Vaults:3 | Received a gift from Yredelemnul
 45095 | Vaults:3 | Reached skill level 22 in Long Blades
 45149 | Vaults:3 | Received a gift from Yredelemnul
 45646 | Vaults:3 | Found Foanuc's Antique Weapon Emporium.
 45695 | Vaults:3 | Received a gift from Yredelemnul
 46438 | Vaults:4 | Received a gift from Yredelemnul
 46480 | Vaults:4 | Received a gift from Yredelemnul
 46626 | Vaults:4 | Learned a level 2 spell: Blink
 46629 | Vaults:4 | Learned a level 2 spell: Shroud of Golubria
 46675 | Vaults:4 | Received a gift from Yredelemnul
 46946 | Vaults:4 | Received a gift from Yredelemnul
 47033 | Vaults:4 | Reached XP level 21. HP: 181/192 MP: 9/27
 47488 | Vaults:4 | Found Yghamuz's Weapon Shoppe.
 47767 | Vaults:2 | Reached skill level 23 in Long Blades
 47919 | Depths:1 | Entered Level 1 of the Depths
 47939 | Depths:1 | Received a gift from Yredelemnul
 48722 | Depths:1 | Found a gateway to Hell.
 48885 | Depths:1 | Found a one-way gate leading to the halls of Pandemonium.
 49043 | Depths:1 | Received a gift from Yredelemnul
 49599 | Depths:2 | Found a portal to a secret trove of treasure.
 49641 | Depths:2 | Paralysed by a giant eyeball for 3 turns
 49939 | Depths:2 | Reached skill level 15 in Dodging
 49946 | Depths:2 | Slain by a phantasmal warrior

Skill      XL: |  1  2  3  4  5  6  7  8  9 10 11 12 13 14 15 16 17 18 19 20 21 |
---------------+----------------------------------------------------------------+-----
Long Blades    | 3 4 5 6 7 8 9 10 12 13 14 15 16 17 18 19 20 21 22 23 | 23.5
Armour         | 4 5 6 7 8 9 10 11 12 13 15 16 17 18 19 | 19.4
Fighting       | 4 5 6 7 8 9 10 11 12 13 14 15 16 17 18 | 18.0
Shields        | 4 5 6 7 8 10 11 12 14 15 16 17 18 | 18.6
Invocations    | 2 3 4 5 6 7 8 9 10 | 10.0
Dodging        | 2 4 5 7 8 9 10 11 12 13 14 15 | 15.0
Evocations     | 2 3 5 6 |  6.8

Action                   |  1- 3 |  4- 6 |  7- 9 | 10-12 | 13-15 | 16-18 | 19-21 || total
-------------------------+-------+-------+-------+-------+-------+-------+-------++-------
Melee: Long sword        |    72 |   235 |   429 |   700 |  1739 |  1011 |   468 ||  4654
       Headbutt          |    14 |    39 |   107 |   197 |   465 |   335 |   596 ||  1753
       Demon blade       |       |       |       |       |       |       |  1181 ||  1181
Throw: Tomahawk          |       |       |       |       |       |       |    14 ||    14
Invok: Animate Remains   |       |       |     9 |    13 |       |       |       ||    22
       Animate Dead      |       |       |       |    39 |   112 |    65 |    91 ||   307
       Injury Mirror     |       |       |       |     4 |     1 |     2 |       ||     7
       Drain Life        |       |       |       |       |     2 |     2 |     1 ||     5
       Enslave Soul      |       |       |       |       |     2 |     2 |     1 ||     5
       Recall Undead Sla |       |       |       |       |       |       |     1 ||     1
 Abil: Evoke Blink       |       |       |       |     1 |       |       |       ||     1
       Evoke Flight      |       |       |       |       |     1 |       |       ||     1
       Evoke Invisibilit |       |       |       |       |       |     1 |       ||     1
Evoke: Wand              |       |       |     1 |    14 |     1 |       |     1 ||    17
       Rod               |       |       |       |       |     8 |     6 |     2 ||    16
  Use: Potion            |       |     1 |     1 |     5 |     3 |     6 |    10 ||    26
       Scroll            |       |     6 |    10 |    13 |    20 |     6 |     6 ||    61
 Stab: Distracted        |       |       |       |    10 |    20 |    12 |    22 ||    64
       Invisible         |       |       |       |       |       |     6 |       ||     6
       Paralysed         |       |       |       |       |       |       |     1 ||     1
  Eat: Chunk             |     2 |     7 |    13 |    17 |    39 |     4 |    27 ||   109
       Meat ration       |       |       |     1 |     2 |     2 |     3 |     2 ||    10
       Beef jerky        |       |       |       |       |     2 |       |     1 ||     3
       Pizza             |       |       |       |       |     1 |       |     2 ||     3
       Bread ration      |       |       |       |       |     1 |     3 |       ||     4
       Royal jelly       |       |       |       |       |     1 |       |     1 ||     2
Armor: Scale mail        |    22 |       |       |       |       |       |       ||    22
       Chain mail        |    24 |   128 |    90 |     2 |       |       |   391 ||   635
       Plate armour      |       |       |   124 |   278 |   606 |   374 |     9 ||  1391
Dodge: Dodged            |    16 |    23 |    42 |   117 |   342 |   273 |   563 ||  1376
Block: Shield            |    44 |       |       |       |       |       |   812 ||   856
       Large shield      |     3 |   217 |   356 |   593 |  1622 |  1062 |   486 ||  4339
